Map: Data-C

Players

A.I. 1 (Easy)

  • Race: Zerg Zerg
  • Spawn Location: 9:00

Ebinette - Winner!

  • Race: Terran Terran
  • League: Diamond
  • Spawn Location: 3:00

VOD

Have the link to the VOD?

Description

Time

  • Played on: Aug. 4, 2022, 1:12 p.m.
  • Length: 13:13
Show
View Real Time Build Order
Export as new Build Order

A.I. 1 (Easy) Zerg 

Build Orders: Hatch First 

Get SALT Encoding   

  12  0:00  Drone  
  13  0:12  Overlord  
  13  0:17  Drone  
  14  0:30  Drone  
  14  0:34  Drone  
  16  0:49  Hatchery  
  15  0:52  Drone  
  16  1:07  Spawning Pool  
  16  1:10  Drone  
  16  1:13  Extractor  
  16  1:16  Drone  
  16  1:23  Overlord  
  16  1:54  Zergling x2  
  17  1:55  Queen  
  17  1:56  Zergling x2  
  17  1:57  Roach Warren  
  17  1:59  Drone  
  20  2:03  Extractor  
  20  2:08  Drone  
  20  2:27  Drone  
  21  2:31  Drone  
  21  2:35  Drone  
  23  2:37  Roach x2  
  23  2:40  Drone  
  28  2:46  Drone  
  28  2:50  Drone  
  30  2:57  Overlord  
  30  3:04  Roach  
  32  3:10  Drone  
  33  3:14  Drone  
  33  3:19  Drone  
  35  3:23  Drone  
  35  3:26  Overlord  
  35  3:29  Drone  
  36  3:34  Lair  
  36  3:47  Drone  
  37  3:51  Drone  
  40  3:55  Roach, Drone  
  40  4:00  Drone  
  42  4:04  Drone  
  42  4:09  Overlord  
  43  4:12  Drone  
  43  4:16  Drone  
  45  4:20  Drone  
  45  4:22  Roach  
  48  4:24  Drone  
  48  4:29  Drone  
  48  4:31  Overlord  
  50  4:33  Drone  
  50  4:36  Hydralisk Den  
  50  4:37  Drone  
  51  4:42  Drone  
  51  4:44  Overseer  
  52  4:46  Drone  
  52  4:48  Overseer, Roach  
  52  4:50  Drone  
  52  4:51  Overlord  
  56  4:54  Drone  
  57  5:01  Drone  
  57  5:05  Drone  
  59  5:09  Drone  
  59  5:10  Extractor  
  59  5:14  Extractor, Hydralisk, Drone  
  60  5:18  Drone  
  62  5:22  Drone  
  62  5:25  Overlord  
  62  5:27  Drone  
  64  5:35  Drone  
  65  5:39  Drone  
  65  5:40  Hydralisk  
  68  5:44  Drone  
  69  6:07  Hydralisk  
  71  9:34  Hatchery  
  70  9:59  Pneumatized Carapace  
  70  10:00  Overseer  
  70  10:03  Infestation Pit  
  70  10:04  Evolution Chamber  
  68  10:32  Zerg Melee Weapons Level 1  
  68  10:34  Zergling x2  
  66  10:39  Overseer  
  50  10:46  Roach, Drone  
  53  10:51  Drone  
  53  10:55  Extractor, Drone  
  54  10:58  Roach, Extractor  
  54  10:59  Drone  
  54  11:04  Drone  
  57  11:07  Overseer, Overlord  
  57  11:10  Roach  
  59  11:22  Hydralisk  
  61  11:35  Roach  
  63  11:46  Hydralisk  
  65  11:58  Infestor  
  64  12:04  Drone  
  64  12:06  Overlord x2  
  64  12:07  Overseer  
  54  12:13  Hydralisk, Drone  
  54  12:14  Queen  
  45  12:18  Drone  
  45  12:22  Drone  
  29  12:28  Zergling x2  
  29  12:29  Overlord  
  29  12:31  Drone  
  18  12:45  Drone  
  18  12:49  Drone  
Show
View Real Time Build Order
Export as new Build Order

Ebinette Terran - Winner!

Build Orders:  

Get SALT Encoding   

  12  0:00  SCV  
  13  0:12  SCV  
  14  0:17  Supply Depot  
  14  0:24  SCV  
  15  0:29  Refinery  
  15  0:38  SCV  
  16  0:46  Barracks  
  16  0:50  SCV  
  17  1:02  SCV  
  18  1:15  SCV  
  19  1:27  SCV  
  19  1:32  Marine  
  20  1:34  Factory  
  21  1:42  Supply Depot, Orbital Command  
  21  1:51  Barracks Reactor  
  21  1:52  Refinery  
  21  2:09  SCV  
  22  2:19  Command Center  
  22  2:22  SCV  
  23  2:32  Ghost Academy  
  23  2:37  Widow Mine  
  23  2:40  Widow Mine  
  23  2:43  SCV  
  28  2:46  Barracks Tech Lab  
  28  2:53  Supply Depot  
  28  2:55  SCV  
  29  3:00  Widow Mine  
  31  3:14  Ghost  
  31  3:15  Widow Mine  
  31  3:17  SCV  
  36  3:25  Widow Mine  
  38  3:29  SCV  
  39  3:38  Widow Mine  
  41  3:41  SCV  
  41  3:43  Ghost  
  44  3:49  Orbital Command  
  44  3:53  SCV  
  45  3:56  Widow Mine  
  45  4:02  Supply Depot  
  47  4:06  SCV  
  47  4:09  Armory  
  48  4:17  SCV, Ghost  
  49  4:23  SCV  
  52  4:24  Widow Mine  
  52  4:27  Widow Mine  
  52  4:30  SCV  
  57  4:37  SCV, Barracks  
  58  4:46  Supply Depot, SCV  
  58  4:49  Ghost  
  58  4:52  Refinery  
  61  4:54  SCV  
  61  4:56  Refinery  
  62  5:07  Widow Mine x2, SCV  
  62  5:08  Supply Depot  
  62  5:13  SCV  
  68  5:14  Supply Depot  
  68  5:19  SCV  
  69  5:26  SCV, Barracks Tech Lab  
  69  5:27  Ghost  
  72  5:31  SCV  
  73  5:38  Command Center  
  73  5:40  SCV  
  74  5:45  Ghost  
  74  5:49  Widow Mine  
  78  5:50  SCV  
  78  5:55  SCV  
  80  5:59  Ghost  
  80  6:01  Supply Depot  
  82  6:06  Starport  
  82  6:09  SCV  
  82  6:10  SCV  
  84  6:12  Widow Mine  
  86  6:19  Supply Depot  
  86  6:21  SCV, Ghost  
  86  6:23  SCV  
  90  6:29  Ghost  
  92  6:34  SCV  
  93  6:42  Engineering Bay  
  93  6:44  Engineering Bay  
  93  6:45  Starport Reactor  
  93  6:46  Widow Mine  
  97  6:47  Widow Mine  
  97  6:56  Ghost  
  97  6:57  SCV x2  
  97  7:00  Ghost  
  103  7:09  Planetary Fortress  
  103  7:10  Refinery  
  103  7:12  SCV  
  103  7:13  SCV  
  103  7:14  Refinery  
  107  7:15  Widow Mine  
  107  7:24  SCV, Ghost  
  110  7:32  SCV  
  110  7:34  Widow Mine  
  110  7:35  Medivac  
  115  7:38  SCV  
  115  7:43  Command Center  
  116  7:44  SCV  
  116  7:45  Supply Depot x2  
  116  7:46  Supply Depot  
  116  7:47  Terran Infantry Weapons Level 1  
  116  7:49  SCV  
  118  7:56  Ghost  
  120  8:01  SCV  
  120  8:02  SCV x2  
  120  8:05  Ghost  
  123  8:11  Medivac  
  127  8:14  Terran Infantry Armor Level 1, SCV x2  
  127  8:15  SCV  
  127  8:17  Supply Depot  
  130  8:23  Factory  
  130  8:27  Widow Mine  
  132  8:28  Widow Mine  
  132  8:29  SCV x2  
  132  8:31  Ghost  
  138  8:39  Ghost  
  140  8:45  Supply Depot  
  140  8:48  Supply Depot  
  140  8:50  Widow Mine  
  140  8:51  Widow Mine  
  144  8:56  SCV x3  
  147  9:04  Ghost  
  147  9:06  Medivac x2  
  147  9:08  SCV x2, Factory Tech Lab  
  155  9:10  Refinery, Ghost  
  155  9:12  SCV  
  155  9:15  Refinery  
  158  9:17  Supply Depot  
  158  9:18  Widow Mine  
  158  9:20  SCV  
  161  9:24  SCV  
  161  9:27  Planetary Fortress  
  161  9:29  Missile Turret  
  162  9:36  Ghost  
  166  9:38  Widow Mine  
  166  9:39  Drilling Claws, Barracks x2  
  166  9:41  SCV  
  166  9:44  SCV  
  168  9:52  Ghost  
  168  9:54  Widow Mine  
  168  9:55  Widow Mine  
  174  10:00  Missile Turret  
  174  10:01  Widow Mine, Missile Turret x2  
  174  10:02  SCV x3  
  174  10:05  Terran Infantry Weapons Level 2  
  179  10:09  Ghost  
  181  10:15  SCV  
  181  10:17  SCV x2  
  184  10:23  Missile Turret  
  184  10:25  Command Center  
  184  10:26  Ghost  
  184  10:27  Barracks Tech Lab  
  186  10:29  Barracks Tech Lab  
  185  10:39  Ghost  
  185  10:45  Command Center  
  185  10:49  Terran Infantry Armor Level 2  
  185  10:51  Ghost  
  185  10:53  Ghost  
  185  10:55  Widow Mine, Ghost  
  185  10:56  Widow Mine  
  195  11:04  Widow Mine  
  197  11:12  Command Center  
  197  11:20  Widow Mine, Barracks  
  197  11:21  Barracks  
  197  11:23  Barracks  
  199  11:41  Orbital Command  
  199  11:45  Command Center  
  199  11:47  Command Center  
  199  12:22  Barracks Tech Lab  
  199  12:23  Barracks Tech Lab x2  
Tags
 
League
Diamond
Matchup
TvZ
Spawn Locations
Cross Positions
Add a new tag
Caveats
  • Supply blocks, unpowered buildings, or Contaminate may cause inaccurate times.
  • Supply counts are checked every 10 seconds.